 Dungeon Crawl Stone Soup version 0.22.1-6-g1668fe2 (webtiles) character file.

78 nicolaieve the Cudgeler (level 4, 0/39 HPs)
             Began as a Minotaur Berserker on Jan 26, 2019.
             Was a Believer of Trog.
             Slain by a goblin
             ... wielding a +0 club
              (2 damage)
             ... on level 2 of the Dungeon.
             The game lasted 00:02:22 (1072 turns).

nicolaieve the Cudgeler (Minotaur Berserker)        Turns: 1072, Time: 00:02:23

Health: 0/39       AC:  5    Str: 21    XL:     4   Next: 15%
Magic:  3/3        EV: 11    Int:  4    God:    Trog [**....]
Gold:   74         SH:  0    Dex: 11    Spells: 3/3 levels left

rFire    . . .     SeeInvis .   a - +0 mace
rCold    . . .     Gourm    .   (no shield)
rNeg     . . .     Faith    .   k - +0 ring mail
rPois    .         Spirit   .   (helmet restricted)
rElec    .         Reflect  .   (no cloak)
rCorr    .         Harm     .   (no gloves)
MR       +....                  (no boots)
Stlth    +.........             (no amulet)
HPRegen  0.13/turn              d - ring of protection from magic
MPRegen  0.08/turn              (no ring)

@: berserk cooldown, slowed, very slow
A: retaliatory headbutt, horns 2
a: Berserk, Trog's Hand, Renounce Religion


You were on level 2 of the Dungeon.
You worshipped Trog.
Trog was pleased with you.
You were near starving.

You visited 1 branch of the dungeon, and saw 2 of its levels.

You collected 74 gold pieces.

Inventory:

Hand Weapons
 a - a +0 mace (weapon)
Armour
 b - a +0 animal skin
 k - a +0 ring mail (worn)
Jewellery
 d - a ring of protection from magic (left hand)
 i - an uncursed ring of ice {unknown}
Scrolls
 e - a scroll of random uselessness {unknown}
 f - 2 scrolls of blinking {unknown}
 g - a scroll of magic mapping {unknown}
 j - a scroll of noise {unknown}
 l - 3 scrolls of remove curse {unknown}
 m - a scroll of enchant armour {unknown}
 o - a scroll of enchant weapon {unknown}
Potions
 n - a potion of curing {unknown}
Comestibles
 c - 4 rations
 h - 7 chunks of flesh


   Skills:
 - Level 3.6 Fighting
 + Level 6.1 Maces & Flails
 - Level 2.4 Armour
 - Level 2.1 Dodging


You had 3 spell levels left.
You didn't know any spells.
Your spell library was empty.

Dungeon Overview and Level Annotations

Branches:
Dungeon (2/15)

Altars:
Yredelemnul
Jiyva


Innate Abilities, Weirdness & Mutations

You reflexively headbutt those who attack you in melee.
You have a pair of horns on your head.


Message History

You hit the gnoll but do no damage. Your headbutt misses the gnoll.
The gnoll closely misses you. You furiously retaliate!
You headbutt the gnoll! The goblin hits you but does no damage.
You closely miss the gnoll.
The gnoll is almost dead.
The gnoll barely misses you. The goblin hits you but does no damage.
The gnoll hits you with a spear.
* * * LOW HITPOINT WARNING * * *
You completely miss the gnoll.
The gnoll is almost dead.
The goblin hits you but does no damage. The gnoll hits you with a spear.
* * * LOW HITPOINT WARNING * * *
The goblin hits you with a club.
* * * LOW HITPOINT WARNING * * *
The gnoll hits you with a spear.
* * * LOW HITPOINT WARNING * * *
You hit the gnoll but do no damage. Your headbutt misses the gnoll.
The gnoll is almost dead.
The goblin hits you with a club.
You die...

#...#
#.##.....
###.#.###
#.......##
#...._..#
#.####..#
#.#.#.#.#
#.. ....
#.#.#...#
...
#.#.##.##
..
#......#
#####.####
#.....@).#
#..##g#g.#
#. #..#..#
# #.##..#
#. #... ..
...##
#...#...
#...#..#
.. ....


You could see a gnoll and a goblin.

Vanquished Creatures
  2 adders (D:2)
  3 gnolls (D:2)
  4 bats
  4 giant cockroaches
  2 goblins
  4 hobgoblins
  7 kobolds
  A ball python (D:1)
  A frilled lizard (D:1)
  2 rats (D:2)
30 creatures vanquished.

Notes
Turn   | Place    | Note
-------+----------+-------------------------------------------
     0 | D:1      | nicolaieve the Minotaur Berserker began the quest for the
                  | Orb.
     0 | D:1      | Reached XP level 1. HP: 19/19 MP: 0/0
   168 | D:1      | Found a viscous altar of Jiyva.
   168 | D:1      | Noticed a jelly
   168 | D:1      | Noticed a jelly
   168 | D:1      | Noticed a jelly
   168 | D:1      | Noticed a jelly
   169 | D:1      | Reached skill level 4 in Maces & Flails
   170 | D:1      | Noticed a jelly
   172 | D:1      | Noticed a jelly
   172 | D:1      | Noticed a jelly
   172 | D:1      | Noticed a jelly
   233 | D:1      | Reached XP level 2. HP: 17/26 MP: 1/1
   843 | D:2      | Reached skill level 5 in Maces & Flails
   843 | D:2      | Reached XP level 3. HP: 26/31 MP: 2/2
   994 | D:2      | Reached ** piety under Trog
  1038 | D:2      | Found a basalt altar of Yredelemnul.
  1058 | D:2      | Reached XP level 4. HP: 39/39 MP: 3/3
  1060 | D:2      | Reached skill level 6 in Maces & Flails
  1072 | D:2      | Slain by a goblin

Skill      XL: |  1  2  3  4 |
---------------+-------------+-----
Maces & Flails | 4 5 6 |  6.1
Fighting       | |  3.6
Armour         | |  2.4
Dodging        | |  2.1

Action                   |  1- 3 |  4- 6 || total
-------------------------+-------+-------++-------
Melee: Mace              |    64 |     6 ||    70
       Headbutt          |     9 |     1 ||    10
Invok: Berserk           |     1 |       ||     1
Armor: Animal skin       |     7 |       ||     7
       Ring mail         |    15 |     2 ||    17
Dodge: Dodged            |    53 |     6 ||    59
